 Dungeon Crawl Stone Soup version 0.30.1-11-g7821555f0a (console) character file.

Game seed: 4176395411678234211

134720 matti1234 the Imperceptible (level 17, -8/110 HPs)
             Began as a Kobold Enchanter on Dec 25, 2023.
             Was an Initiate of Gozag.
             Killed from afar by a merfolk aquamancer (42 damage)
             ... with a shard of ice
             ... on level 4 of the Shoals on Dec 26, 2023.
             The game lasted 06:14:59 (25548 turns).

matti1234 the Imperceptible (Kobold Enchanter)     Turns: 25548, Time: 06:15:00

Health: -8/110     AC: 15    Str:  6    XL:     17   Next: 76%
Magic:  27/33      EV: 30    Int: 24    God:    Gozag
Gold:   1745       SH:  7    Dex: 26    Spells: 1/41 levels left

rFire   . . .        b - +7 captain's cutlass {speed, disarm}
rCold   . . .        f - +0 buckler
rNeg    . . .        J - +2 robe {Will+}
rPois   .            r - +0 helmet {SInv}
rElec   .            t - +2 cloak {Will+}
rCorr   .            u - +1 pair of gloves
SInv    +            v - +2 pair of boots {rampage}
Will    ++++.        R - amulet "Pepuof" {Acrobat Fly Will+ Str+3 Stlth-}
Stlth   +++++++++    V - +6 ring of intelligence
HPRegen 0.38/turn    K - +6 ring of dexterity
MPRegen 0.23/turn

%: acrobat, rampage
@: confusing by touch, flying
A: small, no large weapons, nightstalker 3, iridescent scales 1, weak 2, noise
suppression
a: Renounce Religion, Potion Petition, Call Merchant, Bribe Branch


You were on level 4 of the Shoals.
You worshipped Gozag.
Gozag was most pleased with you.
You visited 5 branches of the dungeon, and saw 23 of its levels.
You also visited: Bailey, Ice Cave and Volcano.

You collected 12603 gold pieces.
You spent 3265 gold pieces at shops.
You paid 7593 gold pieces to Gozag.

Inventory:

Hand Weapons
 a - the +4 dagger of Diet Blood {heavy, *Noise rElec rPois rF+}
   (You found it on level 4 of the Dungeon)

   rF:        It protects you from fire.
   rElec:     It insulates you from electricity.
   rPois:     It protects you from poison.
   *Noise:    It may make noises in combat.
 b - the +7 captain's cutlass (weapon) {speed, disarm}
   (You took it off an orc on level 1 of the Orcish Mines)
 l - the +7 lajatang of Order {silver, rMut}
   (You took it off an orc knight on level 1 of the Orcish Mines)

   rMut:      It protects you from mutation.
Missiles
 j - 5 throwing nets {=f}
 y - 23 poisoned darts
 B - 19 boomerangs
 N - 5 silver boomerangs {=f}
 Q - 3 curare-tipped darts {=f}
 U - 2 boomerangs of dispersal {=f}
Armour
 f - a +0 buckler (worn)
 r - a +0 helmet of see invisible (worn)
 t - a +2 cloak of willpower (worn)
 u - a +1 pair of gloves (worn)
 v - a +2 pair of boots of rampaging (worn)
 G - a +1 cloak of cold resistance
 J - a +2 robe of willpower (worn)
Jewellery
 c - a ring of wizardry
 i - the ring "Wankuq" {rC+ Str+3}
   (You found it on level 1 of the Orcish Mines)

   [ring of protection from cold]

   Str:       It affects your strength (+3).
   rC:        It protects you from cold.
 q - a ring of protection from fire
 C - a ring of protection from cold
 H - a ring of protection from fire
 K - a +6 ring of dexterity (right hand)
 L - the amulet "Wibigoli" {RegenMP Int+4}
   (You found it on level 7 of the Dungeon)

   [amulet of magic regeneration]

   It increases your rate of magic regeneration.
   Int:       It affects your intelligence (+4).
 R - the amulet "Pepuof" (around neck) {Acrobat Fly Will+ Str+3 Stlth-}
   (You bought it in a shop on level 11 of the Dungeon)

   [amulet of the acrobat]

   It increases your evasion while moving and waiting.
   Str:       It affects your strength (+3).
   Fly:       It grants you flight.
   Will:      It increases your willpower.
   Stlth:     It makes you less stealthy.
 V - a +6 ring of intelligence (left hand)
Wands
 d - a wand of polymorph (7)
 A - a wand of flame (8)
 S - a wand of roots (23)
 Z - a wand of acid (16)
Scrolls
 g - a scroll of magic mapping
 h - 5 scrolls of poison
 s - 5 scrolls of teleportation
 E - 4 scrolls of blinking
 I - 2 scrolls of summoning
 M - 5 scrolls of vulnerability
 O - 4 scrolls of fear
 W - a scroll of torment
Potions
 e - 4 potions of haste
 k - 2 potions of resistance
 m - 3 potions of might
 o - 2 potions of brilliance
 w - 3 potions of attraction
 F - 9 potions of curing
 P - 3 potions of invisibility
 X - a potion of cancellation
Miscellaneous
 T - a condenser vane
 Y - a lightning rod (4/4)


   Skills:
 - Level 13.8 Fighting
 + Level 16.1 Short Blades
 + Level 15.0 Dodging
 * Level 24.3 Stealth
 - Level 5.0 Shields
 + Level 12.8 Spellcasting
 + Level 13.0 Hexes


You had one spell level left.
You knew the following spells:

 Your Spells              Type           Power      Damage    Failure   Level
a - Ensorcelled Hibernat  Hex/Ice        92%        N/A       1%          2
b - Confusing Touch       Hex            67%        N/A       1%          3
c - Tukima's Dance        Hex            67%        N/A       1%          3
d - Dazzling Flash        Conj/Hex       92%        N/A       1%          3
e - Yara's Violent Unrav  Hex/Tmut       23%        3d10      12%         5
f - Summon Small Mammal   Summ           60%        N/A       6%          1
g - Metabolic Englaciati  Hex/Ice        23%        N/A       12%         5
q - Silence               Hex/Air        23%        N/A       12%         5
r - Wereblood             Tmut           15%        N/A       10%         2
s - Cause Fear            Hex            33%        N/A       1%          4
t - Enfeeble              Hex            33%        N/A       26%         7

Your spell library contained the following spells:

 Spells                   Type           Power      Damage    Failure   Level
 Freeze                   Ice            60%        1d7       6%          1
 Necrotise                Necr           60%        1d7       6%          1
 Summon Guardian Golem    Hex/Summ       46%        N/A       1%          3
 Anguish                  Hex/Necr       23%        N/A       4%          4
 Passwall                 Tmut/Erth      12%        N/A       10%         2
 Scorch                   Fire           30%        2d6       10%         2
 Sublimation of Blood     Necr           15%        N/A       10%         2
 Call Canine Familiar     Summ           15%        N/A       19%         3
 Frozen Ramparts          Ice            30%        1d5       19%         3
 Hailstorm                Conj/Ice       15%        3d5       19%         3
 Swiftness                Air            15%        N/A       19%         3
 Vampiric Draining        Necr           15%        2d7       19%         3
 Flame Wave               Conj/Fire      15%        2d7       54%         4
 Passage of Golubria      Tloc           15%        N/A       54%         4
 Petrify                  Tmut/Erth      15%        N/A       54%         4
 Agony                    Necr           15%        N/A       87%         5
 Irradiate                Conj/Tmut      7%         3d14      87%         5
 Statue Form              Tmut/Erth      10%        N/A       100%        6
 Summon Cactus Giant      Summ           7%         N/A       100%        6
 Dragon Form              Tmut           7%         N/A       100%        7
 Lehudib's Crystal Spear  Conj/Erth      7%         10d3      100%        8


Dungeon Overview and Level Annotations

Branches:
Dungeon (11/15)            Temple (1/1) D:4            Lair (5/5) D:11
 Shoals (4/4) Lair:3        Snake (0/4) Lair:3        Slime (0/5) Lair:5
    Orc (2/2) D:10            Elf (0/3) Orc:2        Bailey (visited)
  IceCv (visited)         Volcano (visited)

Altars:
Ashenzari
Cheibriados
Dithmenos
Elyvilon
Fedhas
Gozag
Hepliaklqana
Kikubaaqudgha
Makhleb
Nemelex Xobeh
Okawaru
Qazlal
Ru
Sif Muna
Trog
Uskayaw
Vehumet
Wu Jian
Xom
Yredelemnul
Zin
The Shining One
Jiyva

Shops:
D:1 (   D:11 [[?(?*==:**   Orc:2 [*=[

Annotations:
Lair:1 exclusion: oklob plant
Orc:1 digging


Innate Abilities, Weirdness & Mutations

You are small and have problems with some larger weapons.
You are completely attuned to the shadows.
You are partially covered in iridescent scales. (AC +2)
You are very weak. (Str -4)
You passively dampen the noise of your surroundings.


Message History

You hit the merfolk aquamancer but do no damage.
The merfolk aquamancer is severely wounded.
You hit the merfolk aquamancer but do no damage.
The merfolk aquamancer is severely wounded.
The plant is engulfed in a cloud of scalding steam.
The plant begins to die.
You closely miss the merfolk aquamancer.
The merfolk aquamancer is severely wounded.
The merfolk aquamancer casts a spell at you.
The shard of ice misses you.
You hit the merfolk aquamancer but do no damage.
The merfolk aquamancer is severely wounded.
You completely miss the merfolk aquamancer.
The merfolk aquamancer is severely wounded.
The merfolk aquamancer completely misses you.
You hit the merfolk aquamancer but do no damage.
The merfolk aquamancer is severely wounded.
You hit the merfolk aquamancer but do no damage.
The merfolk aquamancer is severely wounded.
You hit the merfolk aquamancer but do no damage.
The merfolk aquamancer is severely wounded.
The merfolk aquamancer misses you.
You hit the merfolk aquamancer but do no damage.
The merfolk aquamancer is severely wounded.
Press: ? - help, v - describe, . - travel
Here: a merfolk aquamancer, wearing a +0 robe (severely wounded, chance to confuse on hit: 28%) Some shallow water.
Casting: Confusing Touch (safe; 1% risk of failure)
Confirm with . or Enter, or press ? or * to list all spells.
Casting: Cause Fear (safe; 1% risk of failure)
Press: ? - help, Dir - look around, f - activate The snapping turtle looks frightened!
The merfolk aquamancer resists with almost no effort.
The merfolk aquamancer misses you.
You hit the merfolk aquamancer but do no damage.
The merfolk aquamancer is severely wounded.
The merfolk aquamancer casts a spell at you.
The shard of ice hits you!!!
You die...
Your body crumbles into a pile of gold.

~ .#..##~~~~t~~~~~~~~.......~~~~
.Z...#~~~~~~m~~~~~~~......~~~~~ #
###~~~~~~0~~~~#####.~~)~~~) #####
#.~~~~~~~~~~~~### ###~~~~~~
~~#~###..~~~~~~~~~##~~###~##..~~~
..........~~~~~~~~##~~~~)..##..$<
~~P....P...~~~~~~~###~#~#.~##....
~~PP~~P~~PP.~~~~~m##~~~)~~###....
PP~~~~~~~PP~~~~~@~##~~#~#~.##....
~PP~PPPPPPPP~~~~~~~#~~~~~..##...~
P~~PPPPPPPP~~~~~~~###~#~#..#.....
~~~PPPPPPPP~~~P~~~~.#######......
~~~~P~~~~~~~~~~~~~~~###~#.#.~~~.~
~~~~~~~~~~~~~~~~~~~~~~~~~~.~~~~~~
~~~~~~~~~~~~~~~~~~~~~~~~~~~~~~~~~
~~~~~~~~~~~~~~~~~~~~~~~~~~~~~~~~~
~~~~~~~~~~~~~~~~~~~~~~~~~~~~~~~~~


You could see a merfolk aquamancer.

Vanquished Creatures
  Gastronok (Lair:2)
  A kraken (Shoals:1)
  The ghost of zielscheibe the Struggler, an adept VSFi of Okawaru (Shoals:1)
  The ghost of barkas the Spear-Bearer, a journeyman CeMo of Okawaru (Orc:1)
  3 orc warlords
  The ghost of Fisaf the Cleaver, a journeyman HOFi of Qazlal (Orc:1)
  2 fire dragons (Lair:4)
  2 merfolk impalers (Shoals:4)
  Erolcha (D:11)
  Harold (D:11)
  8 hydras
  2 ogre magi (Orc:2)
  4 merfolk avatars
  27 death yaks (Lair:5)
  11 two-headed ogres
  3 boulder beetles
  5 skysharks
  An orc high priest (Orc:2)
  2 skeletal warriors (Volcano)
  6 sea snakes
  2 bog bodies (IceCv)
  2 deep trolls (Orc:2)
  A deep elf archer (Orc:2)
  9 harpies
  7 orc knights
  An anaconda skeleton (Volcano)
  3 orc sorcerers
  A deep elf zephyrmancer (Orc:2)
  14 manticores
  Pikel (D:6)
  A wolf spider (Lair:5)
  2 cyclopes (Orc:2)
  8 fauns
  17 elephants
  An ice statue (IceCv)
  Maurice (D:8)
  4 water nymphs
  2 merfolk sirens
  10 black mambas
  3 gargoyles (Volcano)
  A torpor snail (Lair:3)
  15 cane toads
  A guardian serpent (Lair:5)
  2 kobold demonologists
  A yaktaur (Shoals:2)
  9 rime drakes
  2 anaconda simulacra (IceCv)
  2 ice devils (IceCv)
  4 komodo dragons
  A polar bear (Lair:2)
  10 merfolk
  10 trolls
  8 blink frogs
  3 wind drakes
  Grinder (D:6)
  3 hornets (Lair:5)
  A harpy skeleton (Volcano)
  12 dream sheep
  8 snapping turtles
  A flying skull (Volcano)
  Sigmund (D:3)
  14 wyverns
  49 yaks
  A water elemental (Shoals:3)
  2 wraiths (D:11)
  An alligator skeleton (Volcano)
  2 redbacks (Lair:5)
  3 basilisks (Lair:5)
  8 steam dragons
  2 vampire mosquitoes (D:11)
  A death yak simulacrum (IceCv)
  4 nagas (Lair:3)
  2 harpy simulacra (IceCv)
  6 wargs
  21 water moccasins
  Duvessa (D:7)
  47 orc warriors
  2 black bears
  2 ice beasts
  13 wolves
  24 ogres
  16 centaurs
  2 lemures (D:6)
  A phantom (D:5)
  A kobold brigand (D:7)
  10 bullfrogs
  A two-headed ogre simulacrum (IceCv)
  2 scorpions
  A cane toad simulacrum (IceCv)
  Dowan (D:7)
  3 killer bees (D:11)
  2 elephant simulacra (IceCv)
  A troll skeleton (Volcano)
  2 electric eels (Lair:3)
  2 howler monkeys
  2 hounds
  5 jellies
  15 orc priests
  Natasha (twice) (D:3)
  5 iguanas
  A sleepcap (D:7)
  21 orc wizards
  4 troll simulacra (IceCv)
  2 polar bear simulacra (IceCv)
  8 spriggan simulacra (IceCv)
  2 wolf simulacra (IceCv)
  A naga skeleton (Volcano)
  6 gnolls
  6 adders
  4 naga simulacra (IceCv)
  A shadow imp (D:5)
  6 white imps
  11 ufetubi (IceCv)
  2 worms (D:2)
  A dart slug (D:4)
  81 orcs
  6 bats
  14 endoplasms
  3 giant cockroaches
  8 goblins
  8 hobgoblins
  4 jackals
  14 kobolds
  2 ball pythons
  5 frilled lizards
  4 rats
773 creatures vanquished.

Vanquished Creatures (collateral kills)
  A satyr (Shoals:2)
  A faun (Shoals:2)
  A troll (Orc:2)
  5 orc warriors
  2 ogres (Orc:2)
  2 centaurs (Bailey)
  2 orc priests
  14 orcs
  A goblin (D:9)
  A frilled lizard (D:3)
30 creatures vanquished.

Vanquished Creatures (others)
  9 dancing weapons
  2 steam dragons (Lair:4)
  An orc warrior (Orc:1)
  A bullfrog (Lair:4)
  An ufetubus (IceCv)
  An orc (D:5)
15 creatures vanquished.

Grand Total: 818 creatures vanquished

Notes
Turn   | Place    | Note
-------+----------+-------------------------------------------
     0 | D:1      | matti1234 the Kobold Enchanter began the quest for the Orb.
     0 | D:1      | Reached XP level 1. HP: 10/10 MP: 3/3
   202 | D:1      | Reached XP level 2. HP: 15/15 MP: 5/5
   205 | D:1      | Learned a level 2 spell: Ensorcelled Hibernation
   451 | D:1      | Found Sokhemp's Weapon Emporium.
   658 | D:2      | Reached XP level 3. HP: 19/19 MP: 6/6
   673 | D:2      | Learned a level 3 spell: Confusing Touch
   781 | D:2      | Found a faded altar of an unknown god.
  1000 | D:2      | Reached XP level 4. HP: 24/24 MP: 1/8
  1004 | D:2      | Learned a level 3 spell: Tukima's Dance
  1452 | D:3      | Noticed Natasha
  1456 | D:3      | Killed Natasha
  1489 | D:3      | Noticed Sigmund
  1496 | D:3      | Killed Sigmund
  1497 | D:3      | Reached skill level 5 in Stealth
  1497 | D:3      | Reached XP level 5. HP: 26/28 MP: 5/10
  1497 | D:3      | Reached XP level 6. HP: 29/32 MP: 5/11
  1507 | D:3      | Learned a level 3 spell: Dazzling Flash
  2295 | D:3      | Noticed Natasha
  2298 | D:3      | Killed Natasha
  2474 | D:4      | Found a shimmering altar of Xom.
  2491 | D:4      | Identified the +4 dagger of Diet Blood {heavy, *Noise rElec
                  | rPois rF+}
  2518 | D:4      | Noticed a water moccasin
  2533 | D:4      | Gained mutation: Your mind is acute. (Int +4, Str/Dex -1)
                  | [potion of mutation]
  2533 | D:4      | Gained mutation: You do not regenerate when monsters are
                  | visible. [potion of mutation]
  2533 | D:4      | Gained mutation: Your flesh is cold resistant. (rC+)
                  | [potion of mutation]
  2545 | D:4      | Killed a water moccasin
  2546 | D:4      | Reached skill level 6 in Stealth
  2546 | D:4      | Reached XP level 7. HP: 12/36 MP: 2/12
  2601 | D:4      | Found a staircase to the Ecumenical Temple.
  2609 | Temple   | Entered the Ecumenical Temple
  3724 | D:5      | Entered Level 5 of the Dungeon
  3831 | D:5      | Reached skill level 5 in Dodging
  3831 | D:5      | Reached XP level 8. HP: 29/41 MP: 14/14
  3882 | D:5      | Reached skill level 5 in Short Blades
  3893 | D:5      | Found a sacrificial altar of Ru.
  3894 | D:5      | Found an ornate altar of the Wu Jian Council.
  4048 | D:5      | Found a snail-covered altar of Cheibriados.
  4060 | D:5      | Reached skill level 7 in Stealth
  4060 | D:5      | Reached skill level 5 in Hexes
  4233 | D:5      | Found an iron altar of Okawaru.
  4775 | D:6      | Noticed Pikel
  4887 | D:6      | Reached skill level 5 in Spellcasting
  4924 | D:6      | Reached XP level 9. HP: 45/45 MP: 16/16
  5020 | D:6      | Noticed Grinder
  5093 | D:6      | Found an opulent altar of Gozag.
  5108 | D:6      | Became a worshipper of Gozag Ym Sagoz the Greedy
  5188 | D:6      | Found a stormy altar of Qazlal.
  5193 | D:6      | Found a sparkling altar of Nemelex Xobeh.
  5204 | D:6      | Found a broken altar of Ashenzari.
  5288 | D:6      | Killed Grinder
  5289 | D:6      | Reached skill level 8 in Stealth
  5318 | D:6      | Killed Pikel
  5639 | D:7      | Identified the amulet "Wibigoli" {RegenMP Int+4}
  5681 | D:7      | Noticed Dowan
  5683 | D:7      | Noticed Duvessa
  5711 | D:7      | Killed Duvessa
  5716 | D:7      | Killed Dowan
  5717 | D:7      | Reached skill level 9 in Stealth
  5907 | D:7      | Reached XP level 10. HP: 50/50 MP: 19/19
  6152 | D:7      | Learned a level 5 spell: Yara's Violent Unravelling
  6396 | D:8      | Noticed Maurice
  6403 | D:8      | Killed Maurice
  6487 | D:8      | Noticed a kobold demonologist
  6502 | D:8      | Killed a kobold demonologist
  6590 | D:8      | Identified the +11 war axe of Past Mistakes {heavy, rCorr
                  | Str+2}
  6697 | D:8      | Reached skill level 10 in Stealth
  6829 | D:9      | Noticed a two-headed ogre
  6908 | D:9      | Found a glowing golden altar of the Shining One.
  6965 | D:9      | HP: 1/50 [yak (9)]
  7051 | D:9      | Found a flagged portal.
  7093 | Bailey   | Entered a bailey
  7467 | Bailey   | Reached XP level 11. HP: 54/54 MP: 17/22
  7595 | Bailey   | Reached skill level 11 in Stealth
  7801 | D:9      | Reached skill level 1 in Fighting
  8157 | D:9      | Killed a two-headed ogre
  8326 | D:9      | Reached skill level 10 in Short Blades
  8362 | D:10     | Entered Level 10 of the Dungeon
  8556 | D:10     | Found a shadowy altar of Dithmenos.
  8569 | D:10     | Reached skill level 5 in Fighting
  8787 | D:10     | Found a staircase to the Orcish Mines.
  8958 | D:11     | Found Poygiq's General Store.
  8958 | D:11     | Found Gumotit's General Store.
  8966 | D:11     | Noticed Harold
  9028 | D:11     | Found Kutaryle's Assorted Antiques.
  9032 | D:11     | Found Kecefafulu's Magic Scroll Shop.
  9034 | D:11     | Noticed a manticore
  9044 | D:11     | Killed a manticore
  9085 | D:11     | Lost mutation: You do not regenerate when monsters are
                  | visible. [potion of mutation]
  9085 | D:11     | Lost mutation: Your flesh is cold resistant. (rC+) [potion
                  | of mutation]
  9085 | D:11     | Lost mutation: Your mind is acute. (Int +4, Str/Dex -1)
                  | [potion of mutation]
  9085 | D:11     | Gained mutation: You are somewhat resistant to further
                  | mutation. [potion of mutation]
  9169 | D:11     | Learned a level 1 spell: Summon Small Mammal
  9385 | D:11     | Noticed a boulder beetle
  9395 | D:11     | Killed a boulder beetle
  9396 | D:11     | Reached skill level 12 in Stealth
  9396 | D:11     | Reached XP level 12. HP: 72/72 MP: 18/24
  9396 | D:11     | Noticed Erolcha
  9414 | D:11     | Killed Erolcha
  9482 | D:11     | Killed Harold
  9483 | D:11     | Reached skill level 10 in Dodging
  9487 | D:11     | Noticed a two-headed ogre
  9507 | D:11     | Killed a two-headed ogre
  9667 | D:11     | Bought a scroll of identify for 24 gold pieces
  9667 | D:11     | Bought a scroll of enchant armour for 90 gold pieces
  9671 | D:11     | Bought a potion of curing for 33 gold pieces
  9675 | D:11     | Bought a bubbling coppery potion for 27 gold pieces
  9675 | D:11     | Bought a scroll of identify for 60 gold pieces
  9679 | D:11     | Bought a scroll of fear for 48 gold pieces
  9679 | D:11     | Bought a scroll of identify for 24 gold pieces
  9679 | D:11     | Bought a scroll of poison for 48 gold pieces
  9679 | D:11     | Bought a scroll of magic mapping for 90 gold pieces
  9679 | D:11     | Bought a scroll of silence for 114 gold pieces
  9679 | D:11     | Bought a scroll of blinking for 90 gold pieces
  9687 | D:11     | Bought a scroll of summoning for 114 gold pieces
 10049 | D:11     | Found a staircase to the Lair.
 10415 | D:11     | Bought a crude robe for 182 gold pieces
 10415 | D:11     | Identified the +0 robe of Duck's Teeth {-Tele Harm Slay+5}
                  | (You bought it in a shop on level 11 of the Dungeon)
 10421 | Lair:1   | Entered Level 1 of the Lair of Beasts
 10676 | Lair:1   | Lost mutation: You are somewhat resistant to further
                  | mutation. [potion of mutation]
 10676 | Lair:1   | Gained mutation: You are weak. (Str -2) [potion of
                  | mutation]
 10676 | Lair:1   | Gained mutation: You occasionally lose the ability to drink
                  | potions when taking damage. [potion of mutation]
 10676 | Lair:1   | Gained mutation: You occasionally lose the ability to read
                  | scrolls when taking damage. [potion of mutation]
 10759 | D:11     | Lost mutation: You occasionally lose the ability to drink
                  | potions when taking damage. [potion of mutation]
 10759 | D:11     | Lost mutation: You occasionally lose the ability to read
                  | scrolls when taking damage. [potion of mutation]
 10759 | D:11     | Gained mutation: You are very weak. (Str -4) [potion of
                  | mutation]
 10759 | D:11     | Gained mutation: You are partially covered in iridescent
                  | scales. (AC +2) [potion of mutation]
 10759 | D:11     | Gained mutation: You passively dampen the noise of your
                  | surroundings. [potion of mutation]
 10842 | Lair:1   | Found a blossoming altar of Fedhas.
 11256 | Lair:2   | Found a frozen archway.
 11269 | IceCv    | Entered an ice cave
 11672 | IceCv    | Reached skill level 10 in Fighting
 11685 | IceCv    | Reached skill level 13 in Stealth
 11842 | IceCv    | Reached XP level 13. HP: 83/83 MP: 26/26
 12416 | Lair:2   | Noticed Gastronok
 12423 | Lair:2   | Killed Gastronok
 12744 | Lair:2   | Reached skill level 1 in Shields
 13054 | D:11     | Bought a +0 pair of boots of rampaging for 138 gold pieces
 13243 | D:11     | Bought a +0 helmet of see invisible for 138 gold pieces
 13384 | Lair:3   | Found a staircase to the Shoals.
 13660 | Lair:3   | Found a staircase to the Snake Pit.
 13999 | Lair:4   | Noticed an eight-headed hydra
 14039 | Lair:4   | Killed an eight-headed hydra
 14053 | Lair:4   | Reached skill level 10 in Hexes
 14062 | Lair:4   | Reached XP level 14. HP: 31/92 MP: 22/27
 14399 | Lair:4   | Reached skill level 14 in Stealth
 14562 | Lair:4   | Reached skill level 10 in Spellcasting
 14574 | Lair:4   | Identified a scroll of acquirement
 14575 | Lair:4   | Acquired 883 gold pieces
 14850 | D:11     | Bought a scroll of enchant armour for 105 gold pieces
 15638 | Lair:5   | Entered Level 5 of the Lair of Beasts
 15979 | Lair:5   | Reached skill level 15 in Stealth
 16368 | Lair:5   | Found a viscous altar of Jiyva.
 16368 | Lair:5   | Found a staircase to the Slime Pits.
 16837 | Lair:5   | Reached skill level 16 in Stealth
 16878 | Lair:5   | Reached skill level 5 in Shields
 16891 | Lair:5   | Reached XP level 15. HP: 86/100 MP: 24/29
 17252 | Lair:5   | Reached skill level 17 in Stealth
 17597 | Lair:5   | Reached skill level 18 in Stealth
 18127 | Lair:5   | Reached skill level 19 in Stealth
 18500 | Lair:5   | Reached skill level 20 in Stealth
 18505 | Lair:5   | Reached XP level 16. HP: 85/105 MP: 24/31
 18661 | D:11     | Bought a book of Sloth for 720 gold pieces
 18667 | D:11     | Learned a level 5 spell: Metabolic Englaciation
 18673 | D:11     | Learned a level 5 spell: Silence
 18738 | Orc:1    | Entered Level 1 of the Orcish Mines
 18852 | Orc:1    | Found a dark tunnel.
 18865 | Volcano  | Entered a volcano
 20102 | Orc:1    | Reached skill level 21 in Stealth
 20324 | Orc:1    | Paralysed by an orc sorcerer for 5 turns
 20509 | Orc:2    | Entered Level 2 of the Orcish Mines
 20511 | Orc:2    | Found a staircase to the Elven Halls.
 20963 | Orc:1    | Found a runed translucent gate.
 20963 | Orc:1    | Found a runed translucent gate.
 20963 | Orc:1    | Found a runed translucent gate.
 21185 | Orc:2    | Reached skill level 15 in Short Blades
 21203 | Orc:2    | Reached skill level 22 in Stealth
 21207 | Orc:2    | Found Xyhouste's Antique Armour Shoppe.
 21356 | Orc:2    | Found Kiel's General Store.
 21363 | Orc:2    | Found Por Kux's Armour Shop.
 21368 | Orc:2    | Found Kyrchil's Jewellery Emporium.
 21782 | Orc:2    | Bought a dazzling leather armour for 224 gold pieces
 21782 | Orc:2    | Identified the +1 leather armour "Kifatia" {*Slow Dex+4}
                  | (You bought it in a shop on level 2 of the Orcish Mines)
 21940 | Orc:2    | Bought a scroll of enchant armour for 105 gold pieces
 21946 | Orc:2    | Bought a +1 cloak of willpower for 247 gold pieces
 22006 | Orc:1    | Noticed barkas's ghost (journeyman CeMo)
 22006 | Orc:1    | Noticed Fisaf's ghost (journeyman HOFi)
 22024 | Orc:1    | Killed Fisaf's ghost
 22040 | Orc:1    | Identified the ring "Wankuq" {rC+ Str+3}
 22053 | Orc:1    | Got the Folio of Shapes
 22113 | Orc:1    | Killed barkas's ghost
 22114 | Orc:1    | Reached skill level 23 in Stealth
 22216 | D:11     | Bought the amulet "Pepuof" {Acrobat Fly Will+ Str+3 Stlth-}
                  | for 644 gold pieces
 22248 | D:11     | Learned a level 2 spell: Wereblood
 22327 | Shoals:1 | Entered Level 1 of the Shoals
 22466 | Shoals:1 | Reached XP level 17. HP: 110/110 MP: 33/33
 22476 | Shoals:1 | Noticed a kraken
 22480 | Shoals:1 | Killed a kraken
 22543 | Shoals:1 | Found a runed translucent gate.
 22546 | Shoals:1 | Found a runed translucent gate.
 22547 | Shoals:1 | Found a runed translucent gate.
 22786 | Shoals:1 | You are sucked into a shaft and drop 1 floor!
 23171 | Shoals:2 | Learned a level 4 spell: Cause Fear
 23179 | Shoals:2 | Learned a level 7 spell: Enfeeble
 23868 | Shoals:1 | Reached skill level 24 in Stealth
 24121 | Shoals:1 | Noticed zielscheibe's ghost (adept VSFi)
 24126 | Shoals:1 | Killed zielscheibe's ghost
 24132 | Shoals:1 | Identified the +4 scale mail of Plasticity {-Cast rElec rC+
                  | Slay+2}
 24246 | Shoals:3 | Acquired 744 gold pieces
 25280 | Shoals:4 | Entered Level 4 of the Shoals
 25349 | Shoals:4 | Identified the +3 arbalest of Callousness {speed, rElec
                  | rPois rF- rC+}
 25505 | Shoals:4 | Reached skill level 15 in Dodging
 25548 | Shoals:4 | Killed from afar by a merfolk aquamancer

Illustrated notes

Levels and vault maps discovered:
D:1:      dpeg_arrival_long_road, layout_loops_ring, serial_shops,
          nicolae_diamond_shop, minmay_stone_trees_small
D:2:      layout_basic, hellmonk_ecumenical_altar_defaced_shrine, hex_tiny
D:3:      layout_basic, uniq_sigmund, uniq_natasha
D:4:      layout_layer_cave, kennysheep_little_box,
          minmay_temple_entry_drinking_statues, minmay_gold_behind_fungi
D:5:      layout_loops_corners, okawaru_gym_becter, grunt_temple_overflow_open
D:6:      layout_basic, minmay_overflow_temple_star_quad, grunt_gozag_statues,
          uniq_grinder, uniq_pikel
D:7:      layout_loops_ring, uniq_duvessa
D:8:      layout_loops_ring, uniq_maurice
D:9:      layout_roguey, nicolae_tso_swordbearing_angel, enter_bailey_4,
          minmay_circle_x
D:10:     layout_roguey, nicolae_dithmenos_through_a_glass_darkly, orc_0_dummy
D:11:     layout_basic, grunt_lair_entry_orc_guard_hut, minmay_shop_grid_forest,
          uniq_harold, uniq_erolcha
Temple:   grunt_temple_mini_profane
Lair:1:   layout_roguey, tgw_fedhas
Lair:2:   layout_hall_layers, portal_ice_cave_entry_ice_simulacra,
          uniq_gastronok
Lair:3:   layout_hall_layers, minmay_shoals_entry_beasts,
          minmay_snake_entry_guardpost_small, dpeg_stationary_puzzle
Lair:4:   dragon1_lemuel, layout_cave_shapes, bobbens_dragon_lair_wall
Lair:5:   hangedman_lair_tendril_chambers, layout_misc_corridors,
          nicolae_slime_entry_slimehenge
Shoals:1: layout_shoals, ebering_ghost_rock_garden
Shoals:2: layout_shoals, yaktaur_hedge
Shoals:3: layout_shoals
Shoals:4: shoals_end_grunt_ice, layout_shoals
Orc:1:    minmay_goldmine, layout_diamond_mine, nicolae_volcano_entry_s_turn,
          gammafunk_ghost_cemetery, minmay_orc_treasury
Orc:2:    st_orc_open, layout_diamond_mine, elf_legates

Skill      XL: |  1  2  3  4  5  6  7  8  9 10 11 12 13 14 15 16 17 |
---------------+----------------------------------------------------+-----
Short Blades   | 2 3 4 6 7 9 10 11 12 13 14 15 16 | 16.1
Dodging        | 3 4 5 6 7 8 9 10 11 12 13 14 15 | 15.0
Stealth        | 5 6 7 9 10 12 13 16 20 23 24 | 24.3
Spellcasting   | 3 4 5 6 7 8 9 10 11 12 | 12.8
Hexes          | 4 5 6 7 8 9 10 11 12 13 | 13.0
Fighting       | 7 10 12 13 | 13.8
Shields        | 3 5 |  5.0

Action                     |  1- 3 |  4- 6 |  7- 9 | 10-12 | 13-15 | 16-18 || total
---------------------------+-------+-------+-------+-------+-------+-------++-------
  Melee: Dagger            |    65 |    69 |   184 |   388 |   520 |   252 ||  1478
         Punch             |     1 |     1 |     2 |    10 |     2 |       ||    16
         Scimitar          |       |       |       |       |    13 |       ||    13
         Short sword       |       |       |       |       |     3 |     6 ||     9
         Cutlass           |       |       |       |       |       |   206 ||   206
   Cast: Ensorcelled Hiber |     5 |     5 |    19 |    21 |    91 |   107 ||   248
         Confusing Touch   |     4 |     5 |    20 |    55 |    38 |    22 ||   144
         Tukima's Dance    |       |     2 |     1 |    52 |       |    51 ||   106
         Dazzling Flash    |       |     1 |    11 |    31 |   116 |    70 ||   229
         Cause Fear        |       |       |       |       |       |     2 ||     2
         Metabolic Englaci |       |       |       |       |       |     1 ||     1
         Yara's Violent Un |       |       |       |       |       |     1 ||     1
 Invoke: Call Merchant     |       |       |       |     1 |     3 |     3 ||     7
  Evoke: Lightning rod     |       |       |       |     2 |       |       ||     2
    Use: Potion            |       |     6 |     5 |     4 |     7 |     3 ||    25
         Scroll            |       |     1 |     7 |     8 |     7 |     6 ||    29
   Stab: Sleeping          |    16 |    23 |    40 |    54 |    95 |   150 ||   378
         Distracted        |     1 |     1 |     2 |     6 |    14 |    15 ||    39
         Confused          |     3 |     4 |     8 |    35 |    34 |    22 ||   106
         Invisible         |       |     2 |     8 |    23 |   102 |    60 ||   195
 Armour: Robe              |     5 |     9 |    19 |    34 |   105 |    36 ||   208
  Dodge: Dodged            |    27 |    39 |   145 |   354 |   514 |   245 ||  1324
  Block: Buckler           |       |       |       |       |   157 |    91 ||   248
